 Dungeon Crawl Stone Soup version 0.21-a0-498-g1b60429 (webtiles) character file.

726 Dorkslayer the Shield-Bearer (level 7, -4/44 HPs)
             Began as a Gargoyle Fighter on Nov 24, 2017.
             Slain by a gnoll
             ... wielding a +0 halberd
              (7 damage)
             ... on level 4 of the Dungeon.
             The game lasted 00:14:14 (3838 turns).

Dorkslayer the Shield-Bearer (Gargoyle Fighter)     Turns: 3838, Time: 00:14:14

Health: -4/44      AC: 15    Str: 20    XL:     7   Next: 72%
Magic:  7/7        EV:  6    Int:  8    God:
Gold:   27         SH:  9    Dex: 11    Spells: 6/6 levels left

rFire    . . .     SeeInvis .   a - +0 war axe
rCold    . . .     Gourm    .   c - +0 shield
rNeg     + . .     Faith    +   B - +0 chain mail
rPois    ∞         Spirit   .   y - +0 helmet
rElec    +         Reflect  .   (no cloak)
rCorr    .         Harm     .   (no gloves)
MR       .....                  (no boots)
Stlth    ..........             s - amulet of faith
HPRegen  0.14/turn              (no ring)
MPRegen  0.10/turn              (no ring)

@: hasted, very quick
A: negative energy resistance 1, electricity resistance, unbreathing,
petrification resistance, rot immunity, AC +4
a: no special abilities


You were on level 4 of the Dungeon.
You were not hungry.

You visited 1 branch of the dungeon, and saw 4 of its levels.

You collected 213 gold pieces.
You spent 186 gold pieces at shops.

Inventory:

Hand Weapons
 a - a +0 war axe (weapon)
Missiles
 n - 8 tomahawks (quivered)
 u - a throwing net
Armour
 c - a +0 shield (worn)
 y - a +0 helmet (worn)
 B - a +0 chain mail (worn)
Jewellery
 s - an amulet of faith (around neck)
Wands
 v - a wand of acid (5)
Scrolls
 d - 2 scrolls of identify
 g - a scroll of fog
 k - 3 scrolls of enchant weapon {unknown}
 m - a scroll of enchant armour {unknown}
 o - 2 scrolls of magic mapping
 p - 2 scrolls of amnesia {unknown}
 r - a scroll of remove curse {unknown}
 t - a scroll of random uselessness {unknown}
 x - a scroll of teleportation {unknown}
 A - a scroll of blinking
Potions
 h - a potion of haste
 j - a potion of ambrosia
 z - a potion of cancellation
Comestibles
 f - 5 bread rations
 i - 2 meat rations
 l - 2 royal jellies


   Skills:
 + Level 4.4 Fighting
 + Level 4.4 Axes
 * Level 2.9 Throwing
 + Level 4.3 Armour
 * Level 2.5 Dodging
 + Level 4.6 Shields


You had 6 spell levels left.
You didn't know any spells.

Dungeon Overview and Level Annotations

Branches:
Dungeon (4/15)
 Temple: D:4-7

Altars:
Fedhas
Okawaru
Ru
Xom
Yredelemnul
Zin

Shops:
D:4 *?


Innate Abilities, Weirdness & Mutations

You are resistant to torment.
Your stone body is resilient. (AC +4)
You are immune to poison.
You resist negative energy. (rN+)
You are resistant to electric shocks. (rElec)
You can survive without breathing.
You are immune to petrification.
You are immune to rotting.


Message History

The gnoll is no longer moving quickly.
The gnoll hits you with a halberd.
* * * LOW HITPOINT WARNING * * *
You block the gnoll's attack.
Things that are here:
a whip; a robe; a gnoll corpse You hit the gnoll.
The gnoll is moderately wounded.
The gnoll barely misses you.
You hit the gnoll.
The gnoll is moderately wounded.
The gnoll barely misses you. You block the gnoll's attack.
You closely miss the gnoll.
The gnoll is moderately wounded.
The gnoll hits you but does no damage.
The gnoll hits you from afar with a halberd!
* * * LOW HITPOINT WARNING * * *
You slash the gnoll!
The gnoll is almost dead.
The gnoll hits you with a halberd!
You die...

#....)...## ##..........
#.......$.# #..........#
#.........# ##.......###
#.........# ##.##.###
#.........# #..####
#........# ##.###
##..).)...# ##....##
###.......###########..##..#
..#...........gg@..........#
#......################....#
###..>.# #≈.....#..#.P..# #
###..#. #≈........#P...# #
##.#..######.###..#....# #
#.#.........#)##.###..#
#.##...........#...#..#
#.#)..........)....#..#
#.#######..#########.##


You could see 2 gnolls.

Vanquished Creatures
  Sigmund (D:4)
  A scorpion (D:4)
  An orc priest (D:4)
  An orc wizard (D:4)
  A gnoll shaman (D:4)
  Natasha (D:3)
  3 iguanas (D:4)
  3 worker ants (D:4)
  A hound skeleton (D:4)
  8 gnolls
  6 adders
  3 oozes
  4 worms
  A dart slug (D:2)
  6 orcs
  14 bats
  6 giant cockroaches
  10 goblins
  9 hobgoblins
  10 jackals
  9 kobolds
  2 quokkas
  3 frilled lizards
  11 rats
  6 fungi (D:2)
121 creatures vanquished.

Notes
Turn   | Place    | Note
-------+----------+-------------------------------------------
     0 | D:1      | Dorkslayer the Gargoyle Fighter began the quest for the Orb.
     0 | D:1      | Reached XP level 1. HP: 14/14 MP: 1/1
   123 | D:1      | Reached XP level 2. HP: 17/19 MP: 2/2
   222 | D:1      | Reached skill level 1 in Throwing
   413 | D:1      | Reached XP level 3. HP: 21/23 MP: 3/3
   423 | D:1      | Found a blossoming altar of Fedhas.
   425 | D:1      | Found a shimmering altar of Xom.
   425 | D:1      | Found a shimmering altar of Xom.
   427 | D:1      | Found a hide-covered altar of Uskayaw.
   427 | D:1      | Found a basalt altar of Yredelemnul.
   427 | D:1      | Found a radiant altar of Vehumet.
  1187 | D:2      | Reached skill level 1 in Dodging
  1191 | D:2      | Reached XP level 4. HP: 21/28 MP: 4/4
  1231 | D:2      | Found a blossoming altar of Fedhas.
  2052 | D:3      | Reached XP level 5. HP: 23/33 MP: 5/5
  2330 | D:3      | Noticed Natasha
  2340 | D:3      | Killed Natasha
  2655 | D:3      | Reached XP level 6. HP: 38/38 MP: 6/6
  2778 | D:4      | Found a sacrificial altar of Ru.
  2851 | D:4      | Found an iron altar of Okawaru.
  3098 | D:4      | Found Itomaohi's Magic Scroll Shoppe.
  3111 | D:4      | Bought a scroll of identify for 22 gold pieces
  3111 | D:4      | Bought a scroll of identify for 22 gold pieces
  3111 | D:4      | Bought a scroll of fog for 22 gold pieces
  3111 | D:4      | Bought a scroll of blinking for 82 gold pieces
  3111 | D:4      | Bought a scroll of magic mapping for 38 gold pieces
  3395 | D:4      | Reached XP level 7. HP: 33/43 MP: 7/7
  3619 | D:4      | Found Zin's Purification Station.
  3624 | D:4      | Found a glowing silver altar of Zin.
  3718 | D:4      | Noticed Sigmund
  3766 | D:4      | Killed Sigmund
  3838 | D:4      | Slain by a gnoll

Vault maps used:
D:1:      shiori_arrival_elements, doesnt_xom_only_xom
D:2:      fedhas_altar_3, kennysheep_generic_room_5
D:3:      kennysheep_big_flooded_room, uniq_natasha
D:4:      okawaru_trees_1, zin_purify, overflow_temple_1_default, serial_shops,
          shop, minmay_crystal_water, sigmund_edmund_badplayer

Skill      XL: |  1  2  3  4  5  6  7 |
---------------+----------------------+-----
Throwing       | 1 2 |  2.9
Axes           | 2 3 4 |  4.4
Dodging        | 1 2 |  2.5
Shields        | 4 |  4.6
Fighting       | 4 |  4.4
Armour         | 4 |  4.3

Action                   |  1- 3 |  4- 6 |  7- 9 || total
-------------------------+-------+-------+-------++-------
Melee: War axe           |   136 |   259 |    80 ||   475
  Use: Potion            |       |     3 |     5 ||     8
       Scroll            |       |     3 |       ||     3
  Eat: Chunk             |     1 |     7 |       ||     8
       Fruit             |       |     1 |       ||     1
       Meat ration       |       |       |     1 ||     1
Armor: Scale mail        |   117 |   116 |    10 ||   243
       Chain mail        |       |       |    30 ||    30
Dodge: Dodged            |    63 |    79 |    21 ||   163
Block: Shield            |   100 |   135 |    29 ||   264

Table legend:
 A = Spawn XP
 B = Non-spawn XP
 C = Spawn XP percentage of total XP
 D = Spawn monster count
 E = Non-spawn monster count
 F = Spawn count percentage of total count
 G = Total turns spent on level
                    A         B        C        D         E        F      G
               +---------+---------+-------+---------+---------+-------+---------
         Total |       0 |    1038 |   0.0 |       0 |     115 |   0.0 |  3838
               +---------+---------+-------+---------+---------+-------+---------
           D:1 |       0 |      54 |   0.0 |       0 |      31 |   0.0 |   995
           D:2 |       0 |      94 |   0.0 |       0 |      31 |   0.0 |   925
           D:3 |       0 |     172 |   0.0 |       0 |      29 |   0.0 |   818
           D:4 |       0 |     718 |   0.0 |       0 |      24 |   0.0 |  1100
               +---------+---------+-------+---------+---------+-------+---------
